cohdb
Replays
Latest Replays
All Replays
Popular Replays
Top Player Replays
Match Explorer
How It Works
Community
CoH3 Stats
Reddit
Sign in to upload your games and track your stats! →
Sign in with Steam
Match 45108555
Unlisted
Match 45108555
Overview
Messages
Build Orders
End
Kradschützen Motorcycle Team
Selects Italian Infantry
Panzergrenadier Squad
250 Light Carrier
Construct Light Support Kompanie
Combat Half-tracks
Panzerjäger Squad
Fire Support Elements
Assault Mechanized Group
Vehicle Survival Package
MG34 Team
Construct Panzerarmee Kommand
Panzer III L Medium Tank
Emergency Repair Kits
Armored Reserves
Panzer IV Assault Group
Selects Sound the Alarm
Selects Prepared Positions
Selects Guastatori Squad
Rapid Advance
Tungsten Core Ammunition
Tiger Heavy Tank
Selects Obice 305mm Barrage
Kradschützen Motorcycle Team
Panzerpioneer Squad
Advanced Optics
Panzer IV Assault Group
Walking Stuka Rocket Launcher
Tiger Heavy Tank
BananaJoe
KnJaz
ConcernedApe
Razarak
0
0
Comments
sign in to comment!
No comments posted yet!